 Dungeon Crawl Stone Soup version 0.23.2 (webtiles) character file.

Game seed: 4777274234279428929

2660 davaitedunem the Cudgeler (level 9, -2/93 HPs)
             Began as a Troll Berserker on Apr 10, 2019.
             Was a Priest of Trog.
             Slain by an orc warrior
             ... wielding a +0 trident
              (14 damage)
             ... on level 8 of the Dungeon.
             The game lasted 01:09:24 (5311 turns).

davaitedunem the Cudgeler (Troll Berserker)         Turns: 5311, Time: 01:09:25

Health: -2/93      AC:  7    Str: 30    XL:     9   Next: 36%
Magic:  8/8        EV: 12    Int:  3    God:    Trog [***...]
Gold:   526        SH:  0    Dex:  9    Spells: 8/8 levels left

rFire    + . .     SeeInvis .   k - +2 flail (protect)
rCold    . . .     Gourm    +   (no shield)
rNeg     . . .     Faith    .   b - +1 animal skin
rPois    .         Spirit   .   (helmet restricted)
rElec    .         Reflect  .   (no cloak)
rCorr    .         Harm     .   (gloves unavailable)
MR       +++..                  (boots unavailable)
Stlth    +.........             n - amulet of rage
HPRegen  1.65/turn              t - ring of protection from fire
MPRegen  0.11/turn              u - ring of protection from magic

@: berserk cooldown, regenerating, slowed, very slow
A: large, unfitting armour, claws 3, fast metabolism 3, gourmand, regeneration
1, shaggy fur 1, tough skin 3
a: Berserk, Trog's Hand, Renounce Religion, Evoke Berserk Rage


You were on level 8 of the Dungeon.
You worshipped Trog.
Trog was most pleased with you.
You were full.

You visited 2 branches of the dungeon, and saw 9 of its levels.

You collected 526 gold pieces.

Inventory:

Hand Weapons
 k - a +2 flail of protection (weapon)
Armour
 b - a +1 animal skin (worn)
Jewellery
 a - an uncursed ring of wizardry {unknown}
 i - an uncursed ring of fire {unknown}
 j - an uncursed ring of protection from magic
 n - an amulet of rage (around neck)
 r - an uncursed ring of protection from fire
 t - a ring of protection from fire (left claw)
 u - a ring of protection from magic (right claw)
Wands
 v - a wand of disintegration (15)
Scrolls
 g - 2 scrolls of magic mapping
 p - 2 scrolls of teleportation
 q - 3 scrolls of remove curse
 s - a scroll of brand weapon {unknown}
Potions
 d - 3 potions of curing
 e - 2 potions of lignification
 f - 2 potions of resistance
 h - a potion of agility
 l - a potion of might
 m - a potion of flight
Comestibles
 c - 10 rations


   Skills:
 + Level 7.1 Fighting
 + Level 7.1 Maces & Flails
 + Level 6.4 Dodging


You had 8 spell levels left.
You didn't know any spells.
Your spell library contained the following spells:

 Spells                   Type           Power        Failure   Level  Hunger
 Ensorcelled Hibernation  Hex/Ice        #.....       67%         2    ###....
 Borgnjor's Vile Clutch   Necr/Erth      #.........   100%        5    ######.
 Silence                  Hex/Air        #.........   100%        5    ######.
 Darkness                 Hex            #.........   100%        6    #######
 Shadow Creatures         Summ           N/A          100%        6    #######


Dungeon Overview and Level Annotations

Branches:
Dungeon (8/15)             Temple (1/1) D:7
   Lair: D:8-11

Altars:
Ashenzari
Cheibriados
Dithmenos
Elyvilon
Fedhas
Gozag
Hepliaklqana
Kikubaaqudgha
Makhleb
Nemelex Xobeh
Okawaru
Qazlal
Ru
Sif Muna
Trog
Uskayaw
Vehumet
Xom
Yredelemnul
Zin
The Shining One


Innate Abilities, Weirdness & Mutations

You are too large for most types of armour.
You have claws for hands.
Your metabolism is lightning-fast.
You like to eat raw meat.
Your natural rate of healing is unusually fast.
You are covered in fur. (AC +1)
You have extremely tough skin. (AC +3)


Message History

An orc wizard comes into view. It is wielding a +0 dagger.
Found 12 stones.
The orc warrior hits you from afar with a +0 trident!
You see here a potion of might.
The orc warrior barely misses you.
You closely miss the orc warrior.
The orc warrior hits you with a +0 trident! x2
The orc wizard shouts!
You feel better.
The orc warrior hits you with a +0 trident!
Your skin crawls.
You feel resistant to hostile enchantments.
You feel somewhat less full.
The orc warrior hits you with a +0 trident!
* * * LOW HITPOINT WARNING * * *
You completely miss the orc warrior.
The orc warrior hits you with a +0 trident!
* * * LOW HITPOINT WARNING * * *
The orc warrior hits you with a +0 trident!
You die...

#..# #####........#
#..#
##....####...##[.
#........###.. #
#..........##..
#..######...##..
#######.##....##...#
o......o#..##(# ...#
#######o#...### ..##
#@##..... .##
#!####... ## #.# ###
#.# #.# #%# #(# ..#
###


You could see an orc warrior and an orc wizard.

Vanquished Creatures
  A hippogriff (D:8)
  A wyvern (D:8)
  4 orc warriors
  An ice beast (D:6)
  A sky beast (D:6)
  3 ogres
  A centaur (D:8)
  4 bullfrogs
  4 scorpions
  4 killer bees (D:7)
  A water moccasin skeleton (D:8)
  2 crimson imps
  A gnoll shaman (D:4)
  2 bullfrog skeletons
  3 hounds
  2 jellies
  3 orc priests
  An orc wizard (D:6)
  An iguana (D:4)
  A worker ant (D:8)
  A hound skeleton (D:6)
  4 worker ant zombies
  4 adders
  8 gnolls
  A shadow imp (D:7)
  An adder zombie (D:6)
  A worm (D:2)
  A dart slug (D:1)
  5 leopard geckos
  20 orcs
  3 bats
  4 giant cockroaches
  3 goblins
  10 hobgoblins
  10 jackals
  2 quokkas
  3 ball pythons
  4 frilled lizards
  A jackal skeleton (D:4)
  2 kobolds
  2 quokka skeletons
  A quokka zombie (D:7)
  5 rats
137 creatures vanquished.

Notes
Turn   | Place    | Note
-------+----------+-------------------------------------------
     0 | D:1      | davaitedunem the Troll Berserker began the quest for the
                  | Orb.
     0 | D:1      | Reached XP level 1. HP: 22/22 MP: 0/0
    74 | D:1      | Reached XP level 2. HP: 29/29 MP: 1/1
   693 | D:2      | Reached XP level 3. HP: 37/37 MP: 2/2
  1375 | D:3      | Reached ** piety under Trog
  1404 | D:3      | Reached XP level 4. HP: 44/45 MP: 3/3
  1947 | D:4      | Reached XP level 5. HP: 54/54 MP: 4/4
  2226 | D:4      | Reached XP level 6. HP: 63/63 MP: 5/5
  2416 | D:5      | Entered Level 5 of the Dungeon
  2977 | D:5      | Noticed an orc warrior
  2991 | D:5      | Killed an orc warrior
  2991 | D:5      | Reached skill level 5 in Fighting
  2991 | D:5      | Reached XP level 7. HP: 24/72 MP: 6/6
  3367 | D:6      | Reached skill level 5 in Maces & Flails
  3401 | D:6      | Found an iron altar of Okawaru.
  3508 | D:6      | Found a shattered altar of Ashenzari.
  3540 | D:6      | Reached *** piety under Trog
  3553 | D:6      | Reached XP level 8. HP: 64/81 MP: 7/7
  3649 | D:6      | Reached skill level 5 in Dodging
  4428 | D:7      | Reached XP level 9. HP: 60/92 MP: 8/8
  4755 | D:7      | Found a staircase to the Ecumenical Temple.
  4773 | Temple   | Entered the Ecumenical Temple
  5311 | D:8      | Slain by an orc warrior

Skill      XL: |  1  2  3  4  5  6  7  8  9 |
---------------+----------------------------+-----
Fighting       | 3 4 5 6 7 |  7.1
Maces & Flails | 3 4 5 6 7 |  7.1
Dodging        | 3 4 6 |  6.4

Action                   |  1- 3 |  4- 6 |  7- 9 || total
-------------------------+-------+-------+-------++-------
Melee: Mace              |   126 |    50 |       ||   176
       Flail             |       |    72 |   247 ||   319
Invok: Berserk           |     2 |     1 |     8 ||    11
       Trog's Hand       |       |     2 |    10 ||    12
 Abil: Evoke Berserk Rag |       |     1 |     1 ||     2
  Use: Scroll            |       |    11 |     3 ||    14
       Potion            |       |     7 |     1 ||     8
 Stab: Sleeping          |     1 |       |       ||     1
  Eat: Chunk             |    21 |    11 |    34 ||    66
       Ration            |       |     1 |       ||     1
Armor: Animal skin       |    50 |    40 |    81 ||   171
Dodge: Dodged            |    63 |    82 |   145 ||   290
